 Adventure DCSS version bcrawl-1.27.3 (webtiles) character file.

Game seed: 195195016783218405

22328 galech the Skirmisher (level 1, 18/18 HPs)
             Began as a Demonspawn Fighter on Sept 28, 2020.
             Quit the game on level 2 of the Dungeon.
             The game lasted 00:02:14 (1125 turns).

galech the Skirmisher (Demonspawn Fighter)          Turns: 1125, Time: 00:02:14

Health: 18/18      AC:  6    Str: 17    XL:     1   Next: 16%
Magic:  1/1        EV:  5    Int:  9    God:
Gold:   44         SH:  9    Dex: 12    Spells: 0/0 levels left
                                        Lives:  0   Deaths: 2

rFire    . . .     SeeInvis .   a - +0 war axe
rCold    . . .     Gourm    .   c - +0 medium shield
rNeg     . . .     Faith    .   b - +0 scale mail
rPois    +         Spirit   .   (no helmet)
rElec    .         Reflect  .   (no cloak)
rCorr    .         Harm     .   (no gloves)
MR       .....                  (no boots)
Stlth    ..........             i - amulet of Wuqiwap {Inacc rPois} (curse)
HPRegen  0.06/turn              (no ring)
MPRegen  0.07/turn              (no ring)

@: no status effects
A: powered by death 1
a: no special abilities


You were on level 2 of the Dungeon.
You were not hungry.

You visited 1 branch of the dungeon, and saw 2 of its levels.

You collected 44 gold pieces.

Inventory:

Hand Weapons
 a - a +0 war axe (weapon)
Armour
 b - a +0 scale mail (worn)
 c - a +0 medium shield (worn)
Jewellery
 i - the cursed amulet of Wuqiwap (around neck) {Inacc rPois}
   (You found it on level 1 of the Dungeon)

   [amulet of inaccuracy]

   It reduces the accuracy of all your attacks.
   It protects you from poison.
   It has a curse placed upon it.
Wands
 h - a wand of acid (10)
Scrolls
 g - a scroll of enchant armour
Potions
 j - a potion of magic {unknown}
 k - 2 potions of haste {unknown}
 l - a potion of flight {unknown}
 m - a potion of berserk rage {unknown}
Comestibles
 e - a ration {!d}
 f - 5 chunks of flesh


   Skills:
 + Level 3.4 Fighting
 + Level 2.0 Axes
 + Level 3.1 Armour
 + Level 0.3 Dodging
 + Level 3.0 Shields


You couldn't memorise any spells.
You didn't know any spells.
Your spell library was empty.

Dungeon Overview and Level Annotations

Branches:
Dungeon (2/12)

Altars:


Innate Abilities, Weirdness & Mutations

You regenerate a little health from kills.


Message History

* * * LOW HITPOINT WARNING * * *
You block the hound's attack. The hound bites you but does no damage.
You closely miss the hound.
The hound is heavily wounded.
The hound bites you but does no damage. x2
You hit the hound.
The hound is heavily wounded.
You block the hound's attack. The hound barely misses you.
The hound bites you but does no damage.
You miss the hound.
The hound is heavily wounded.
You block the hound's attack. The hound bites you but does no damage.
You miss the hound.
The hound is heavily wounded.
You block the hound's attack. The hound bites you.
You die...
Xom reaches out...
You are now level 1!
You rejoin the land of the living...
Are you sure you want to abandon this character and quit the game? (Confirm with "yes".)

####### #@....# ###
#####)....#
#.######....รท....# ##
#.##.............#
.####....###..##.....#######
.......###...#######........
#####............ #........
.......).<....... #........
#####...).####... #........


There were no monsters in sight!

Vanquished Creatures
  A dart slug (D:1)
  2 leopard geckos (D:1)
  An orc (D:2)
  2 giant cockroaches (D:2)
  7 goblins
  3 hobgoblins
  2 kobolds (D:1)
  A quokka (D:1)
  A ball python (D:1)
  5 bats (D:1)
  7 rats (D:1)
32 creatures vanquished.

Notes
Turn   | Place    | Note
-------+----------+-------------------------------------------
     0 | D:1      | galech the Demonspawn Fighter began the quest for the Orb.
     0 | D:1      | Reached XP level 1. HP: 18/18 MP: 1/1
    42 | D:1      | Gained mutation: You regenerate a little health from kills.
                  | [demonic ancestry]
    42 | D:1      | Reached XP level 2. HP: 18/24 MP: 2/2
   176 | D:1      | Got a crude steel amulet
   879 | D:1      | Identified the cursed amulet of Wuqiwap {Inacc rPois} (You
                  | found it on level 1 of the Dungeon)
   899 | D:2      | Reached XP level 3. HP: 29/29 MP: 3/3
  1103 | D:2      | Slain by a hound
  1104 | D:2      | Reached XP level 2. HP: 0/24 MP: 2/2
  1124 | D:2      | Slain by a hound
  1125 | D:2      | Reached XP level 1. HP: -2/18 MP: 1/1
  1125 | D:2      | Quit the game

Skill      XL: |  1  2  3 |
---------------+----------+-----
Axes           | 2 |  2.0
Armour         | 3 |  3.1
Shields        | 3 |  3.0
Fighting       | |  3.4
Dodging        | |  0.3

Action                   || total
-------------------------++-------
Melee: War axe           ||   156
  Use: Scroll            ||     3
       Potion            ||     1
  Eat: Chunk             ||     6
Armor: Scale mail        ||   120
Dodge: Dodged            ||    35
Block: Medium shield     ||   104
